 Dungeon Crawl Stone Soup version 0.21.1-1-g345015f (webtiles) character file.

50 letownia2 the Poker (level 3, 0/27 HPs)
             Began as a Merfolk Skald on Mar 11, 2018.
             Slain by a hobgoblin
             ... wielding a +0 club
              (2 damage)
             ... on level 3 of the Dungeon.
             The game lasted 00:02:19 (384 turns).

letownia2 the Poker (Merfolk Skald)                  Turns: 384, Time: 00:02:20

Health: 0/27       AC:  3    Str: 11    XL:     3   Next: 79%
Magic:  1/6        EV: 12    Int: 13    God:
Gold:   26         SH:  0    Dex: 13    Spells: 3/6 levels left

rFire    . . .     SeeInvis .   a - +0 spear
rCold    . . .     Gourm    .   (no shield)
rNeg     . . .     Faith    .   b - +0 leather armour
rPois    .         Spirit   .   (no helmet)
rElec    .         Reflect  .   (no cloak)
rCorr    .         Harm     .   (no gloves)
MR       .....                  (no boots)
Stlth    +.........             (no amulet)
HPRegen  0.09/turn              (no ring)
MPRegen  0.10/turn              (no ring)

@: no status effects
A: change form in water, swift swim, stealthy swim
a: no special abilities


You were on level 3 of the Dungeon.
You were not hungry.

You visited 1 branch of the dungeon, and saw 4 of its levels.

You collected 26 gold pieces.

Inventory:

Hand Weapons
 a - a +0 spear (weapon)
 k - a +0 hunting sling
Missiles
 f - 6 javelins (quivered)
Armour
 b - a +0 leather armour (worn)
 l - a cursed +0 chain mail
Scrolls
 i - 2 scrolls of identify {unknown}
 n - a scroll of amnesia {unknown}
 o - a scroll of blinking {unknown}
Potions
 e - a potion of flight {unknown}
 g - 2 potions of heal wounds {unknown}
 h - a potion of magic {unknown}
 j - a potion of curing {unknown}
Books
 c - a book of Battle

   Spells                             Type                      Level
   a - Infusion                       Charms                       1
   b - Shroud of Golubria             Charms/Translocation         2
   c - Song of Slaying                Charms                       2
   d - Spectral Weapon                Hexes/Charms                 3
   e - Regeneration                   Charms/Necromancy            3
Comestibles
 d - 3 rations
 m - 4 chunks of flesh


   Skills:
 - Level 2.1 Fighting
 + Level 5.1 Polearms
 - Level 0.6 Armour
 - Level 2.6 Dodging
 - Level 2.0 Spellcasting
 - Level 3.2 Charms
 + Level 1.3 Translocations


You had 3 spell levels left.
You knew the following spells:

 Your Spells              Type           Power        Failure   Level  Hunger
a - Infusion              Chrm           #...         9%          1    ##.....
t - Shroud of Golubria    Chrm/Tloc      #.........   21%         2    ###....


Dungeon Overview and Level Annotations

Branches:
Dungeon (4/15)
 Temple: D:4-7

Altars:


Message History

Your Translocations skill increases to level 1!
You have reached level 3!
Your experience leads to an increase in your attributes!
Increase (S)trength, (I)ntelligence, or (D)exterity?
You feel clever.
Your magical infusion is running out.
A gnoll comes into view. It is wielding a spear.
Unknown command.
The gnoll shouts!
The gnoll misses you.
There is a stone staircase leading up here.
The gnoll hits you from afar with a spear!
* * * LOW HITPOINT WARNING * * *
You climb upwards.
The ooze quivers.
The hobgoblin shouts!
A bat and a rat come into view.
You are no longer magically infusing your attacks.
The bat closely misses you. The hobgoblin hits you with a club.
You die...

# # # #.##.#
####.####....######...
.............g@.......
.......<..............
........##.###b###....
.###.##.## #r# .J. #
##.##.###.###.# .
.......<.......
##.##.###.###.# #.##
#.# #.#


You could see an ooze, a hobgoblin, a bat and a rat.

Vanquished Creatures
  A hound (D:4)
  A worm (D:3)
  A dart slug (D:2)
  2 leopard geckos
  An orc (D:3)
  2 goblins
  A hobgoblin (D:3)
  A jackal (D:2)
  3 bats
  A kobold (D:1)
14 creatures vanquished.

Notes
Turn   | Place    | Note
-------+----------+-------------------------------------------
     0 | D:1      | letownia2 the Merfolk Skald began the quest for the Orb.
     0 | D:1      | Reached XP level 1. HP: 16/16 MP: 3/3
   136 | D:2      | Reached skill level 4 in Polearms
   136 | D:2      | Reached XP level 2. HP: 18/22 MP: 1/5
   189 | D:3      | Learned a level 2 spell: Shroud of Golubria
   379 | D:4      | Reached skill level 5 in Polearms
   379 | D:4      | Reached skill level 1 in Translocations
   379 | D:4      | Reached XP level 3. HP: 12/27 MP: 0/6
   384 | D:3      | Slain by a hobgoblin

Skill      XL: |  1  2 |
---------------+-------+-----
Polearms       | 4 5 |  5.1
Translocations | 1 |  1.3
Fighting       | |  2.1
Armour         | |  0.6
Dodging        | |  2.6
Spellcasting   | |  2.0
Charms         | |  3.2

Action                   || total
-------------------------++-------
Melee: Spear             ||    48
Throw: Javelin           ||     7
 Cast: Infusion          ||     3
       Shroud of Golubri ||     3
Armor: Leather armour    ||     9
Dodge: Dodged            ||    25
